TOP OF THE 1ST |
Vanderbilt University Commodores batting - Pitching for Rice University Owls : RHP Jim Haggart
|
Pitching: RHP Jim Haggart
|
|
Batting: RHB Roger Mitchell
|
0-0: Swinging Strike 0-1: Ball 1-1: Ground out 5-3 (Groundball, 5L, EV 106.9 MPH)
|
Batting: RHB Seth Fox
|
0-0: Ball 1-0: Called Strike 1-1: Ball 2-1: Foul Ball, location: 2F 2-2: Fly out, F7 (Flyball, 7S, EV 95.6 MPH)
|
Batting: LHB Jose Pereyra
|
0-0: Called Strike 0-1: Called Strike 0-2: Ball 1-2: Foul Ball, location: 2F 1-2: Ball 2-2: Fly out, F7 (Flyball, 78M, EV 92.5 MPH)
|
Top of the 1st over - 0 runs, 0 hits, 0 errors, 0 left on base; Vanderbilt University 0 - Rice University 0 |
BOTTOM OF THE 1ST |
Rice University Owls batting - Pitching for Vanderbilt University Commodores : LHP Eduardo Alvarez
|
Pitching: LHP Eduardo Alvarez
|
|
Batting: LHB Kazuyoshi Ikeda
|
0-0: Fly out, F9 (Flyball, 9LM, EV 76.2 MPH)
|
Batting: RHB Yasutaka Yamasaki
|
0-0: Called Strike 0-1: Ball 1-1: Foul Ball, location: 2F 1-2: Ball 2-2: Strikes out swinging
|
Batting: RHB Jeff Buchanan
|
0-0: Ground out 6-3 (Groundball, 6M, EV 101.2 MPH)
|
Bottom of the 1st over - 0 runs, 0 hits, 0 errors, 0 left on base; Vanderbilt University 0 - Rice University 0 |
TOP OF THE 2ND |
Vanderbilt University Commodores batting - Pitching for Rice University Owls : RHP Jim Haggart
|
Batting: RHB Reomel Somera
|
0-0: Ball 1-0: Fly out, F9 (Flyball, 9, EV 84.4 MPH)
|
Batting: LHB Jeremy Robertson
|
0-0: Swinging Strike 0-1: Called Strike 0-2: Ball 1-2: SINGLE (Line Drive, 89M, EV 108.1 MPH)
|
Batting: RHB Ward Armstrong
|
0-0: Ball 1-0: Fly out, F8 (Flyball, 89D, EV 85.6 MPH)
|
Batting: LHB Carlos Martinez
|
0-0: Ball Jeremy Robertson is caught stealing 2nd base 2-6
|
Top of the 2nd over - 0 runs, 1 hit, 0 errors, 0 left on base; Vanderbilt University 0 - Rice University 0 |
BOTTOM OF THE 2ND |
Rice University Owls batting - Pitching for Vanderbilt University Commodores : LHP Eduardo Alvarez
|
Batting: LHB Pedro Garza
|
0-0: Ball 1-0: Ball 2-0: Reached on error, E4 (Groundball, 34D, EV 105.0 MPH)
|
Batting: SHB Shawnie Codbucket
|
0-0: Fly out, F9 (Flyball, 89M, EV 86.2 MPH)
|
Batting: RHB Tony Escamilla
|
0-0: Fly out, F8 (Flyball, 8LXD, EV 100.6 MPH) Runner from 2nd tags up, SAFE at 3rd, no throw by CF
|
Batting: SHB Yuya Hirata
|
0-0: Ball 1-0: DOUBLE (Flyball, 7LM, EV 104.4 MPH) Pedro Garza scores
|
Batting: RHB Jordan Dugue
|
0-0: Called Strike 0-1: Ground out 6-3 (Groundball, 6, EV 95.0 MPH)
|
Bottom of the 2nd over - 1 run, 1 hit, 1 error, 1 left on base; Vanderbilt University 0 - Rice University 1 |
TOP OF THE 3RD |
Vanderbilt University Commodores batting - Pitching for Rice University Owls : RHP Jim Haggart
|
Batting: LHB Carlos Martinez
|
0-0: Called Strike 0-1: Fly out, F9 (Line Drive, 9, EV 88.8 MPH)
|
Batting: RHB Bart Stevensdick
|
0-0: Called Strike 0-1: Called Strike 0-2: Strikes out looking
|
Batting: LHB Diego Vega
|
0-0: SOLO HOME RUN (Flyball, 9LD, EV 92.5 MPH), Distance : 335 ft
|
Batting: RHB Roger Mitchell
|
0-0: Ball 1-0: Ball 2-0: Fly out, F2 (Popup, 23F, EV 93.8 MPH)
|
Top of the 3rd over - 1 run, 1 hit, 0 errors, 0 left on base; Vanderbilt University 1 - Rice University 1 |
BOTTOM OF THE 3RD |
Rice University Owls batting - Pitching for Vanderbilt University Commodores : LHP Eduardo Alvarez
|
Batting: RHB Nhat Phong
|
0-0: Foul Ball, location: 2F 0-1: Foul Ball, location: 2F 0-2: Ground out 4-3 (Groundball, 13, EV 87.5 MPH)
|
Batting: LHB Kazuyoshi Ikeda
|
0-0: Foul Ball, location: 2F 0-1: Swinging Strike 0-2: Ball 1-2: Ball 2-2: SINGLE (Groundball, 4MD, EV 97.5 MPH)
|
Batting: RHB Yasutaka Yamasaki
|
0-0: Fly out, F8 (Flyball, 8RD, EV 101.2 MPH)
|
Batting: RHB Jeff Buchanan
|
0-0: Ball 1-0: Ball 2-0: Foul Ball, location: 2F 2-1: Fly out, F9 (Flyball, 89S, EV 91.2 MPH)
|
Bottom of the 3rd over - 0 runs, 1 hit, 0 errors, 1 left on base; Vanderbilt University 1 - Rice University 1 |
TOP OF THE 4TH |
Vanderbilt University Commodores batting - Pitching for Rice University Owls : RHP Jim Haggart
|
Batting: RHB Seth Fox
|
0-0: Called Strike 0-1: Swinging Strike 0-2: Ball 1-2: Strikes out looking
|
Batting: LHB Jose Pereyra
|
0-0: SINGLE (Groundball, 4MD, EV 106.9 MPH)
|
Batting: RHB Reomel Somera
|
0-0: Called Strike 0-1: Grounds into double play, 4-6-3 (Groundball, 4, EV 105.0 MPH)
|
Top of the 4th over - 0 runs, 1 hit, 0 errors, 0 left on base; Vanderbilt University 1 - Rice University 1 |
BOTTOM OF THE 4TH |
Rice University Owls batting - Pitching for Vanderbilt University Commodores : LHP Eduardo Alvarez
|
Batting: LHB Pedro Garza
|
0-0: Ball 1-0: Ball 2-0: SINGLE (Line Drive, 9S, EV 105.6 MPH)
|
Batting: SHB Shawnie Codbucket
|
0-0: Ball 1-0: Called Strike 1-1: Ball 2-1: Foul Ball, location: 2F 2-2: Ball Wild Pitch! Pedro Garza to second 3-2: Ground out 2-3 (Groundball, 15S, EV 74.4 MPH) Pedro Garza to third
|
Batting: RHB Tony Escamilla
|
0-0: Ball Wild Pitch! Pedro Garza scores 1-0: Called Strike 1-1: Foul Ball, location: 2F 1-2: Ball 2-2: Strikes out swinging
|
Batting: SHB Yuya Hirata
|
0-0: Ground out 4-3 (Groundball, 4, EV 80.0 MPH)
|
Bottom of the 4th over - 1 run, 1 hit, 0 errors, 0 left on base; Vanderbilt University 1 - Rice University 2 |
TOP OF THE 5TH |
Vanderbilt University Commodores batting - Pitching for Rice University Owls : RHP Jim Haggart
|
Batting: LHB Jeremy Robertson
|
0-0: Ball 1-0: Ball 2-0: Ball 3-0: Called Strike 3-1: Base on Balls
|
Batting: RHB Ward Armstrong
|
0-0: Ball 1-0: SINGLE (Groundball, 56D, EV 103.8 MPH) Jeremy Robertson to second
|
Batting: LHB Carlos Martinez
|
0-0: Ball 1-0: Fly out, F8 (Flyball, 89M, EV 83.1 MPH)
|
Batting: RHB Bart Stevensdick
|
0-0: Foul Ball, location: 2F 0-1: Called Strike 0-2: Ball 1-2: Strikes out swinging
|
Batting: LHB Diego Vega
|
0-0: Called Strike 0-1: Ball 1-1: Ball 2-1: Ball 3-1: Base on Balls Jeremy Robertson to third Ward Armstrong to second
|
Batting: RHB Roger Mitchell
|
0-0: Ball 1-0: Ball 2-0: Ball 3-0: Base on Balls Jeremy Robertson scores Ward Armstrong to third Diego Vega to second
|
Batting: RHB Seth Fox
|
0-0: Ball 1-0: Called Strike 1-1: Foul Ball, location: 2F 1-2: Foul Ball, location: 2F 1-2: Foul Ball, location: 2F 1-2: SINGLE (Line Drive, 8RS, EV 103.8 MPH) Ward Armstrong scores Diego Vega to third Roger Mitchell to second
|
Batting: LHB Jose Pereyra
|
0-0: Fly out, F2 (Popup, 15S, EV 85.0 MPH)
|
Top of the 5th over - 2 runs, 2 hits, 0 errors, 3 left on base; Vanderbilt University 3 - Rice University 2 |
BOTTOM OF THE 5TH |
Rice University Owls batting - Pitching for Vanderbilt University Commodores : LHP Eduardo Alvarez
|
Batting: RHB Jordan Dugue
|
0-0: SINGLE (Line Drive, 9S, EV 105.0 MPH)
|
Batting: RHB Nhat Phong
|
0-0: Called Strike 0-1: Sac Bunt to 15 - play at second, runner OUT! 1-6
|
Batting: LHB Kazuyoshi Ikeda
|
0-0: Ball 1-0: Called Strike 1-1: Foul Ball, location: 2F 1-2: 2-RUN HOME RUN (Line Drive, 89XD, EV 112.5 MPH), Distance : 416 ft
|
Batting: RHB Yasutaka Yamasaki
|
0-0: Called Strike 0-1: Fly out, F9 (Flyball, 9S, EV 89.4 MPH)
|
Batting: RHB Jeff Buchanan
|
0-0: Called Strike 0-1: Ball 1-1: Foul Ball, location: 2F 1-2: Ground out 5-3 (Groundball, 5, EV 80.0 MPH)
|
Bottom of the 5th over - 2 runs, 2 hits, 0 errors, 0 left on base; Vanderbilt University 3 - Rice University 4 |
TOP OF THE 6TH |
Vanderbilt University Commodores batting - Pitching for Rice University Owls : RHP Jim Haggart
|
Batting: RHB Reomel Somera
|
0-0: Ball 1-0: Ball 2-0: Ground out 5-3 (Groundball, 5, EV 81.9 MPH)
|
Batting: LHB Jeremy Robertson
|
0-0: Ball 1-0: Ball 2-0: Swinging Strike 2-1: Ball 3-1: Base on Balls
|
Batting: RHB Ward Armstrong
|
0-0: Ball 1-0: Foul Ball, location: 2F 1-1: Ball 2-1: Foul Ball, location: 2F 2-2: Hit by Pitch Jeremy Robertson to second
|
Pitching: LHP Edwin Arias
|
|
Batting: LHB Carlos Martinez
|
0-0: Ball 1-0: Ball 2-0: Called Strike 2-1: Called Strike 2-2: Fly out, F7 (Flyball, 7LS, EV 81.2 MPH)
|
Pinch Hitting: RHB Itocravo Arrochela
|
0-0: Ball 1-0: SINGLE (Groundball, 56S, EV 63.8 MPH) (infield hit) Jeremy Robertson to third Ward Armstrong to second
|
Pinch Hitting: LHB Antonio Sandoval
|
0-0: Called Strike 0-1: Ball Wild Pitch! Jeremy Robertson scores Ward Armstrong to third Itocravo Arrochela to second 1-1: Ball 2-1: Fly out, F9 (Line Drive, 9, EV 83.8 MPH)
|
Top of the 6th over - 1 run, 1 hit, 0 errors, 2 left on base; Vanderbilt University 4 - Rice University 4 |
BOTTOM OF THE 6TH |
Rice University Owls batting - Pitching for Vanderbilt University Commodores : LHP Eduardo Alvarez
|
Now at 2B: Itocravo Arrochela
|
|
Now at SS: Jeremy Robertson
|
|
Now in CF: Joe Simmelink
|
|
Now in RF: Seth Fox
|
|
Batting: LHB Pedro Garza
|
0-0: Fly out, F7 (Flyball, 78D, EV 102.5 MPH)
|
Batting: SHB Shawnie Codbucket
|
0-0: Called Strike 0-1: Ball 1-1: Ball 2-1: Ball 3-1: Base on Balls
|
Batting: RHB Tony Escamilla
|
0-0: Ball 1-0: Grounds into double play, 6-4-3 (Groundball, 6, EV 83.1 MPH)
|
Bottom of the 6th over - 0 runs, 0 hits, 0 errors, 0 left on base; Vanderbilt University 4 - Rice University 4 |
TOP OF THE 7TH |
Vanderbilt University Commodores batting - Pitching for Rice University Owls : LHP Edwin Arias
|
Batting: RHB Roger Mitchell
|
0-0: Ball 1-0: Ball 2-0: Called Strike 2-1: Fly out, F9 (Flyball, 89S, EV 87.5 MPH)
|
Batting: RHB Seth Fox
|
0-0: Called Strike 0-1: Foul Ball, location: 2F 0-2: Strikes out swinging, 2-3 out at first.
|
Batting: LHB Jose Pereyra
|
0-0: Foul Ball, location: 2F 0-1: Ball 1-1: Foul Ball, location: 2F 1-2: SINGLE (Line Drive, 8LS, EV 102.5 MPH)
|
Batting: RHB Reomel Somera
|
0-0: Ball 1-0: Fielders Choice at 2nd, 6-4 (Groundball, 6, EV 82.5 MPH)
|
Top of the 7th over - 0 runs, 1 hit, 0 errors, 1 left on base; Vanderbilt University 4 - Rice University 4 |
BOTTOM OF THE 7TH |
Rice University Owls batting - Pitching for Vanderbilt University Commodores : LHP Eduardo Alvarez
|
Batting: SHB Yuya Hirata
|
0-0: Ball 1-0: SOLO HOME RUN (Flyball, 9D, EV 95.6 MPH), Distance : 373 ft
|
Pitching: RHP Benito de la Torre
|
|
Batting: RHB Jordan Dugue
|
0-0: Called Strike 0-1: Swinging Strike 0-2: Strikes out swinging
|
Batting: RHB Nhat Phong
|
0-0: Ground out 4-3 (Groundball, 4M, EV 85.6 MPH)
|
Batting: LHB Kazuyoshi Ikeda
|
0-0: Ball 1-0: Foul Ball, location: 2F 1-1: Fly out, F4 (Popup, 4S, EV 76.2 MPH)
|
Bottom of the 7th over - 1 run, 1 hit, 0 errors, 0 left on base; Vanderbilt University 4 - Rice University 5 |
TOP OF THE 8TH |
Vanderbilt University Commodores batting - Pitching for Rice University Owls : LHP Edwin Arias
|
Batting: LHB Jeremy Robertson
|
0-0: SINGLE (Groundball, 13S, EV 65.0 MPH) (infield hit)
|
Pitching: RHP Adam Robinson
|
|
Batting: RHB Ward Armstrong
|
0-0: Sac Bunt to 23 - play at first, batter OUT! 3-4 Jeremy Robertson to second
|
Batting: LHB Carlos Martinez
|
0-0: Called Strike 0-1: Fly out, F8 (Line Drive, 8RD, EV 86.2 MPH) Runner from 2nd tags up, SAFE at 3rd with throw by CF
|
Batting: RHB Itocravo Arrochela
|
0-0: Ball Wild Pitch! Jeremy Robertson scores 1-0: Ball 2-0: Ball 3-0: Base on Balls
|
Batting: RHB Joe Simmelink
|
0-0: Ball 1-0: SINGLE (Line Drive, 4M, EV 95.6 MPH) Itocravo Arrochela to second
|
Batting: LHB Justin Short
|
0-0: Foul Ball, location: 2F 0-1: Foul Ball, location: 2F 0-2: Reached on error, E5 (Groundball, 56, EV 88.8 MPH) Itocravo Arrochela to third Joe Simmelink to second
|
Batting: RHB Seth Fox
|
0-0: Ball 1-0: Ball 2-0: Ball 3-0: Called Strike 3-1: Base on Balls Itocravo Arrochela scores Joe Simmelink to third Justin Short to second
|
Batting: LHB Jose Pereyra
|
0-0: Ball 1-0: Called Strike 1-1: Ball 2-1: SINGLE (Flyball, 6MD, EV 92.5 MPH) Joe Simmelink scores Justin Short to third Seth Fox to second Runner from 3rd tries for Home, SAFE, throw by CF to home
|
Pitching: RHP Jamie Riley
|
|
Batting: RHB Reomel Somera
|
0-0: Called Strike 0-1: Ball 1-1: Ball 2-1: Reached on error, E3 (Flyball, 3D, EV 78.1 MPH) Seth Fox to third Jose Pereyra to second
|
Batting: LHB Jeremy Robertson
|
0-0: Called Strike 0-1: SINGLE (Groundball, 4MS, EV 65.6 MPH) (infield hit) Seth Fox scores Jose Pereyra to third Reomel Somera to second
|
Batting: RHB Ward Armstrong
|
0-0: Ball 1-0: Called Strike 1-1: Called Strike 1-2: Ground out 4-3 (Groundball, 4, EV 88.8 MPH)
|
Top of the 8th over - 5 runs, 4 hits, 2 errors, 3 left on base; Vanderbilt University 9 - Rice University 5 |
BOTTOM OF THE 8TH |
Rice University Owls batting - Pitching for Vanderbilt University Commodores : RHP Benito de la Torre
|
Batting: RHB Yasutaka Yamasaki
|
0-0: Ball 1-0: Fly out, F8 (Flyball, 8RXD, EV 95.6 MPH)
|
Batting: RHB Jeff Buchanan
|
0-0: Swinging Strike 0-1: Foul Ball, location: 2F 0-2: Strikes out looking
|
Batting: LHB Pedro Garza
|
0-0: Called Strike 0-1: Swinging Strike 0-2: Ball 1-2: Foul Ball, location: 2F 1-2: Strikes out swinging
|
Bottom of the 8th over - 0 runs, 0 hits, 0 errors, 0 left on base; Vanderbilt University 9 - Rice University 5 |
TOP OF THE 9TH |
Vanderbilt University Commodores batting - Pitching for Rice University Owls : RHP Jamie Riley
|
Batting: LHB Carlos Martinez
|
0-0: Swinging Strike 0-1: Swinging Strike 0-2: Ball 1-2: Foul Ball, location: 2F 1-2: Strikes out looking
|
Batting: RHB Itocravo Arrochela
|
0-0: Swinging Strike 0-1: Swinging Strike 0-2: Strikes out looking
|
Batting: RHB Joe Simmelink
|
0-0: Ball 1-0: Called Strike 1-1: TRIPLE (Flyball, 78XD, EV 96.2 MPH)
|
Batting: LHB Justin Short
|
0-0: Ball 1-0: Foul Ball, location: 2F 1-1: Swinging Strike 1-2: Ball 2-2: Ball Wild Pitch! Joe Simmelink scores 3-2: Fly out, F8 (Flyball, 8LD, EV 101.2 MPH)
|
Top of the 9th over - 1 run, 1 hit, 0 errors, 0 left on base; Vanderbilt University 10 - Rice University 5 |
BOTTOM OF THE 9TH |
Rice University Owls batting - Pitching for Vanderbilt University Commodores : RHP Benito de la Torre
|
Pinch Hitting: RHB Logan Johnson
|
0-0: Called Strike 0-1: Foul Ball, location: 2F 0-2: Foul Ball, location: 2F 0-2: Foul Ball, location: 2F 0-2: Foul Ball, location: 2F 0-2: Ball 1-2: Foul Ball, location: 2F 1-2: Ball 2-2: Ball 3-2: Foul Ball, location: 2F 3-2: Ground out 6-3 (Groundball, 56, EV 102.5 MPH)
|
Batting: RHB Tony Escamilla
|
0-0: Ball 1-0: Ball 2-0: Ball 3-0: Base on Balls
|
Pitching: LHP Craig Soole
|
|
Batting: SHB Yuya Hirata
|
0-0: Ball 1-0: Ball 2-0: Ball 3-0: Base on Balls Tony Escamilla to second
|
Pinch Hitting: LHB Brett Mroz
|
0-0: Called Strike 0-1: Ball 1-1: Ball 2-1: 3-RUN HOME RUN (Flyball, 89XD, EV 103.8 MPH), Distance : 416 ft
|
Pitching: RHP Sergio Reyes
|
|
Pinch Hitting: RHB Liam Thompson
|
0-0: Ball 1-0: Swinging Strike 1-1: Called Strike 1-2: Strikes out swinging
|
Batting: LHB Kazuyoshi Ikeda
|
0-0: Ball 1-0: Ball 2-0: Called Strike 2-1: Foul Ball, location: 2F 2-2: Foul Ball, location: 2F 2-2: Foul Ball, location: 2F 2-2: Ball 3-2: SINGLE (Flyball, 8RS, EV 93.1 MPH)
|
Batting: RHB Yasutaka Yamasaki
|
0-0: Ball 1-0: Ball 2-0: Foul Ball, location: 2F 2-1: Foul Ball, location: 2F 2-2: Strikes out looking
|
Bottom of the 9th over - 3 runs, 2 hits, 0 errors, 1 left on base; Vanderbilt University 10 - Rice University 8 |
|